 Dungeon Crawl Stone Soup version 0.31.0-4-g52a2dc7128 (webtiles) character file.

Game seed: 2286157375975846469

42 Strat the Grave Robber (level 3, -3/18 HPs)
             Began as a Vine Stalker Necromancer on Jan 22, 2024.
             Succumbed to Jessica's poison
             ... on level 2 of the Dungeon.
             The game lasted 00:01:49 (1048 turns).

Strat the Grave Robber (Vine Stalker Necromancer)   Turns: 1048, Time: 00:01:50

Health: -3/18      AC:  6    Str: 10    XL:     3   Next: 54%
Magic:  3/7        EV: 10    Int: 15    God:
Gold:   47         SH:  0    Dex: 16    Spells: 5/6 levels left

rFire   . . .        e - +0 short sword
rCold   . . .        (no shield)
rNeg    . . .        k - +0 ring mail
rPois   .            f - +0 helmet
rElec   .            (no cloak)
rCorr   .            (no gloves)
SInv    .            (no boots)
Will    +....        (no amulet)
Stlth   ++           h - ring of willpower
HPRegen 1.03/turn    (no ring)
MPRegen 0.10/turn

%: guardian spirit
@: lethally poisoned (-3 -> -13)
A: fangs 2, regeneration 1, magic shield, antimagic bite, no potion heal 2
a: no special abilities


You were on level 2 of the Dungeon.
You visited 1 branch of the dungeon, and saw 2 of its levels.

You collected 47 gold pieces.

Inventory:

Hand Weapons
 c - a +0 dagger
 e - a +0 short sword (weapon)
Armour
 a - a +0 robe
 f - a +0 helmet (worn)
 i - a +0 leather armour
 k - a +0 ring mail (worn)
Jewellery
 h - a ring of willpower (left hand)
Scrolls
 d - 3 scrolls of identify {unknown}
 g - 3 scrolls of teleportation {unknown}
 l - a scroll of vulnerability {unknown}
 n - a scroll of fear {unknown}
Potions
 b - a potion of magic
 j - a potion of might {unknown}
 m - a potion of mutation {unknown}


   Skills:
 + Level 1.3 Fighting
 * Level 2.2 Short Blades
 - Level 1.5 Dodging
 - Level 2.4 Stealth
 - Level 2.1 Spellcasting
 - Level 4.0 Necromancy


You had 5 spell levels left.
You knew the following spells:

 Your Spells              Type           Power      Damage    Failure   Level
a - Necrotise             Necr           52%        1d6       11%         1

Your spell library contained the following spells:

 Spells                   Type           Power      Damage    Failure   Level
 Vampiric Draining        Necr           13%        2d6       32%         3
 Animate Dead             Necr           13%        N/A       73%         4
 Curse of Agony           Necr           13%        N/A       97%         5


Dungeon Overview and Level Annotations

Branches:
Dungeon (2/15)

Altars:
Dithmenos


Innate Abilities, Weirdness & Mutations

You have extremely sharp teeth.
Your natural rate of healing is unusually fast.
When hurt, damage is shared between your health and your magic reserves.
Your bite disrupts and absorbs the magic of your enemies.
Potions cannot restore your health.


Message History

You are more poisoned.
You hit Jessica.
Jessica is severely wounded.
You feel very sick.
The giant cockroach bites you but does no damage.
You are too injured to fight recklessly!
Unknown command.
You barely miss Jessica.
Jessica is severely wounded.
You feel very sick.
Jessica hits you with a +1 dagger of venom.
* * * LOW HITPOINT WARNING * * *
You are lethally poisoned!
The giant cockroach barely misses you.
* * * LOW HITPOINT WARNING * * *
You feel very sick.
Jessica gestures wildly while chanting.
Jessica blinks!
The giant cockroach bites you but does no damage.
You closely miss the giant cockroach. Your bite misses the giant cockroach.
* * * LOW HITPOINT WARNING * * *
You feel very sick.
Jessica grins evilly.
The giant cockroach bites you but does no damage.
You barely miss the giant cockroach.
* * * LOW HITPOINT WARNING * * *
You feel sick.
Jessica mumbles some strange words.
Jessica blinks!
The giant cockroach barely misses you.
Okay, then.
You barely miss Jessica. Your bite misses Jessica.
Jessica is severely wounded.
* * * LOW HITPOINT WARNING * * *
You feel sick. The giant cockroach barely misses you.
Jessica hits you with a +1 dagger of venom.
You are more poisoned.
Unknown command.
You hit Jessica.
You kill Jessica!
You die...

#........###†#####
#...###### #.##
#### #..###
######...####.
#..............
#..............
#..............
#....).........
#.§!@B.........
#..............
#..............
#........#####
#........#
#........#
#........#
#........#


You could see a giant cockroach.

Vanquished Creatures
  Jessica (D:2)
  2 dart slugs (D:1)
  A ribbon worm (D:2)
  2 bats (D:1)
  4 endoplasms
  3 goblins
  3 hobgoblins (D:1)
  3 jackals (D:1)
  3 ball pythons (D:1)
  6 kobolds (D:1)
  7 rats
35 creatures vanquished.

Notes
Turn   | Place    | Note
-------+----------+-------------------------------------------
     0 | D:1      | Strat the Vine Stalker Necromancer began the quest for the
                  | Orb.
     0 | D:1      | Reached XP level 1. HP: 9/9 MP: 4/4
     3 | D:1      | Noticed an electric eel
     3 | D:1      | Noticed an electric eel
    24 | D:1      | You fall into a shaft and drop 1 floor!
   146 | D:1      | Reached skill level 1 in Short Blades
   146 | D:1      | Reached XP level 2. HP: 14/14 MP: 6/6
   427 | D:1      | Reached skill level 1 in Fighting
   464 | D:1      | Reached XP level 3. HP: 17/18 MP: 4/7
   902 | D:2      | Found a shadowy altar of Dithmenos.
  1004 | D:2      | Noticed Jessica
  1048 | D:2      | Killed Jessica
  1048 | D:2      | Succumbed to Jessica's poison

Illustrated notes

Levels and vault maps discovered:
D:1:      arrival_aquarium_b, layout_basic
D:2:      layout_basic, basic_altar, uniq_jessica

Skill      XL: |  1  2  3 |
---------------+----------+-----
Short Blades   | 1 2 |  2.2
Fighting       | 1 |  1.3
Dodging        | |  1.5
Stealth        | |  2.4
Spellcasting   | |  2.1
Necromancy     | |  4.0

Action                     || total
---------------------------++-------
  Melee: Short sword       ||   104
         Dagger            ||     8
         Bite              ||    25
   Stab: Sleeping          ||     6
 Armour: Robe              ||    42
         Ring mail         ||    14
         Leather armour    ||     4
  Dodge: Dodged            ||    79
